Map: Romanticide LE

Players

SpeCial - Winner!

  • Race: Terran Terran
  • League: Master

TerraN

  • Race: Terran Terran

Event: DreamHack SC2 Masters 2021 Summer

VOD

Have the link to the VOD?

Description

Time

  • Played on: May 19, 2021, 4:25 p.m.
  • Length: 15:12

All games in this series

Show
View Real Time Build Order
Export as new Build Order

SpeCial Terran - Winner!

Build Orders:  

Get SALT Encoding   

  12  0:00  SCV  
  13  0:12  SCV  
  14  0:17  Supply Depot  
  14  0:24  SCV  
  15  0:39  SCV  
  15  0:40  Barracks  
  16  0:43  Refinery  
  16  0:51  SCV  
  16  0:54  Refinery  
  17  1:03  SCV  
  18  1:15  SCV  
  19  1:28  Reaper, Orbital Command  
  19  1:30  Supply Depot  
  20  1:43  Factory  
  20  1:55  SCV  
  21  2:01  Reaper  
  21  2:07  SCV  
  23  2:19  SCV  
  24  2:27  Hellion  
  24  2:29  Command Center  
  26  2:31  SCV  
  26  2:36  Reaper  
  28  2:41  Supply Depot  
  28  2:44  SCV  
  29  2:50  Hellion  
  31  3:00  Starport  
  31  3:03  SCV  
  30  3:15  SCV  
  30  3:16  Barracks Reactor, Factory Tech Lab  
  31  3:27  SCV  
  32  3:39  SCV  
  32  3:45  Factory Tech Lab  
  31  3:53  SCV, Marine  
  31  3:59  Marine  
  31  4:00  Raven  
  31  4:02  Orbital Command  
  30  4:05  Bunker, SCV  
  30  4:07  Cyclone  
  34  4:11  Marine  
  35  4:17  SCV, Marine  
  35  4:22  Refinery  
  37  4:28  SCV  
  38  4:32  Command Center  
  38  4:35  SCV  
  39  4:39  Marine x2  
  39  4:43  Raven  
  43  4:46  SCV  
  43  4:49  SCV  
  45  4:55  Supply Depot  
  45  4:57  Marine x2  
  45  4:59  Siege Tank  
  50  5:02  SCV  
  50  5:04  SCV  
  52  5:13  Supply Depot  
  52  5:15  Marine x2  
  52  5:17  SCV x2  
  56  5:29  SCV x2  
  56  5:31  Siege Tank  
  61  5:39  Viking x2  
  61  5:41  SCV  
  61  5:42  SCV, Marine  
  68  5:46  Refinery  
  68  5:49  Orbital Command  
  68  5:54  SCV x2  
  70  6:00  Marine  
  70  6:03  Siege Tank  
  74  6:05  Stimpack  
  74  6:06  SCV x2, Orbital Command  
  76  6:17  Supply Depot  
  76  6:18  SCV x2, Viking x2  
  82  6:21  Marine  
  83  6:30  SCV  
  84  6:37  Barracks  
  84  6:39  Barracks  
  84  6:40  SCV  
  84  6:42  SCV  
  84  6:44  Siege Tank  
  84  6:45  Orbital Command  
  89  6:52  SCV  
  90  6:59  SCV  
  90  7:00  Viking  
  93  7:05  Supply Depot  
  93  7:06  Supply Depot  
  93  7:16  Marine  
  93  7:17  SCV  
  93  7:18  SCV, Viking  
  93  7:26  SCV, Engineering Bay x2  
  93  7:27  Siege Tank  
  93  7:29  SCV  
  81  7:30  SCV  
  81  7:34  Marine  
  77  7:38  SCV  
  77  7:39  Barracks Reactor  
  77  7:40  Barracks Reactor  
  77  7:41  SCV, Viking  
  77  7:42  SCV  
  82  7:48  Viking  
  82  7:50  SCV  
  85  7:53  SCV  
  85  7:54  SCV  
  85  7:55  Terran Infantry Weapons Level 1  
  85  7:56  Terran Infantry Armor Level 1  
  85  7:57  Barracks  
  85  7:58  Barracks, Combat Shield  
  87  7:59  Siege Tank, Marine  
  87  8:02  SCV  
  92  8:10  Refinery x2  
  92  8:11  Supply Depot  
  92  8:15  Marine x2  
  92  8:16  SCV, Marine  
  92  8:17  SCV x2, Marine  
  99  8:20  Medivac x2  
  103  8:27  Marine  
  103  8:29  Supply Depot x2  
  103  8:32  SCV x2  
  103  8:33  SCV, Marine x3  
  110  8:35  Marine, Missile Turret  
  110  8:39  Siege Tank  
  114  8:44  Sensor Tower  
  114  8:45  Barracks Reactor x2, Marine  
  115  8:51  Marine x3  
  115  8:52  Medivac  
  115  8:53  Marine  
  121  8:58  Medivac  
  121  9:01  Command Center  
  123  9:03  Marine  
  123  9:05  Supply Depot  
  123  9:06  Supply Depot  
  123  9:08  Armory  
  123  9:09  Marine x3  
  127  9:12  Siege Tank  
  130  9:21  Marine  
  130  9:27  Marine x5  
  130  9:28  Marine x2  
  130  9:29  Factory  
  137  9:34  Barracks Reactor  
  136  9:38  Marine  
  136  9:39  Supply Depot  
  136  9:44  Siege Tank, Marine x2  
  136  9:45  Marine x3  
  144  9:46  Marine x2  
  144  9:56  Marine, Viking  
  147  10:00  Viking  
  147  10:02  Marine x3  
  147  10:03  Marine x2  
  147  10:04  Marine x2  
  156  10:14  Terran Infantry Weapons Level 2, Marine, Terran Infantry Armor Level 2  
  156  10:16  Siege Tank  
  156  10:17  Marine x2  
  156  10:20  Marine x3  
  156  10:21  Marine x3  
  167  10:22  Marine, Siege Tank  
  170  10:32  Marine  
  167  10:40  Planetary Fortress  
  165  11:02  Marine  
  164  11:10  Refinery  
  164  11:11  Refinery, Supply Depot  
  164  11:13  Refinery  
  164  11:18  Missile Turret  
  164  11:23  Viking  
  164  11:30  Terran Vehicle Weapons Level 1  
  164  11:32  Marine x6, Viking, Command Center  
  164  11:33  Supply Depot  
  164  11:36  SCV, Marine x4, Siege Tank  
  180  11:47  SCV x2  
  180  11:54  Marine x7, Starport  
  180  11:55  SCV, Starport  
  180  12:00  Marine  
  188  12:08  SCV, Marine  
  188  12:11  SCV  
  188  12:20  Marine  
  188  12:25  Sensor Tower  
  188  12:32  Starport Tech Lab  
  188  12:33  Starport Tech Lab  
  188  12:34  Refinery  
  188  12:35  Command Center  
  188  12:48  Marine  
  188  12:52  Marine x4  
  188  12:53  Marine x3  
  188  12:54  SCV x2, Marine x2  
  188  12:55  Siege Tank x2  
  172  13:02  Raven x2  
  172  13:04  SCV  
  170  13:06  SCV, Marine  
  170  13:08  SCV  
  170  13:09  Marine  
  170  13:10  Marine x3  
  170  13:11  Marine x4  
  170  13:12  Marine  
  174  13:24  Marine, Viking x2  
  182  13:27  SCV x2, Siege Tank x2, Marine  
  182  13:33  Corvid Reactor  
  188  13:34  Supply Depot  
  188  13:35  Marine x2  
  188  13:36  Marine x2  
  188  13:47  SCV, Marine x6  
  195  13:53  Marine x2  
  195  13:55  Marine  
  198  13:59  Siege Tank x2  
  198  14:01  Marine  
  183  14:03  Medivac x2  
  183  14:05  Marine x2  
  183  14:06  Marine x4  
  189  14:10  Marine x2  
  189  14:13  Marine  
  192  14:17  Medivac x2  
  192  14:19  Marine  
  192  14:22  Marine x2  
  192  14:23  Marine  
  192  14:24  Marine  
  199  14:28  Marine  
Show
View Real Time Build Order
Export as new Build Order

TerraN Terran 

Build Orders: Cyclone Opening 

Get SALT Encoding   

  12  0:00  SCV  
  13  0:12  SCV  
  14  0:17  Supply Depot  
  14  0:24  SCV  
  15  0:38  SCV  
  15  0:41  Barracks  
  16  0:43  Refinery  
  16  0:50  SCV  
  16  0:54  Refinery  
  17  1:03  SCV  
  18  1:15  SCV  
  19  1:28  Reaper, Orbital Command  
  19  1:31  Supply Depot  
  20  1:44  Factory  
  20  1:55  SCV  
  20  2:00  Reaper  
  22  2:07  SCV  
  23  2:19  SCV  
  24  2:25  Command Center  
  24  2:31  SCV, Factory Tech Lab  
  24  2:35  Barracks Reactor  
  25  2:43  SCV  
  26  2:49  Cyclone  
  26  2:51  Supply Depot  
  29  2:55  SCV  
  30  3:02  Starport  
  30  3:07  SCV  
  29  3:14  Marine x2  
  29  3:19  SCV  
  32  3:23  Siege Tank  
  35  3:29  Refinery  
  35  3:31  SCV, Marine  
  35  3:32  Marine  
  35  3:49  Marine  
  35  3:50  Marine  
  35  3:52  Orbital Command  
  37  4:02  Starport Tech Lab  
  35  4:04  SCV  
  35  4:07  Marine  
  35  4:08  Marine  
  38  4:16  SCV  
  39  4:18  SCV  
  39  4:21  Raven  
  42  4:25  Marine  
  42  4:26  Marine  
  42  4:27  Siege Tank  
  42  4:28  SCV  
  42  4:30  SCV  
  49  4:37  Supply Depot  
  49  4:40  SCV  
  49  4:42  SCV  
  49  4:45  Marine x2  
  53  4:53  SCV  
  53  4:58  SCV  
  53  4:59  Supply Depot  
  55  5:02  Siege Tank  
  55  5:03  Raven  
  55  5:05  SCV  
  61  5:10  Supply Depot  
  61  5:11  SCV  
  62  5:20  SCV, Marine x2  
  65  5:23  SCV  
  65  5:27  Supply Depot  
  66  5:33  SCV  
  66  5:35  SCV  
  68  5:40  Command Center  
  68  5:42  Supply Depot  
  68  5:45  SCV  
  69  5:52  SCV  
  69  5:53  Siege Tank  
  73  5:59  SCV, Supply Depot  
  73  6:00  Refinery  
  74  6:04  SCV  
  74  6:08  Viking x2  
  74  6:09  Stimpack  
  74  6:11  Marine  
  80  6:15  SCV  
  80  6:16  SCV  
  82  6:26  Siege Tank  
  82  6:27  SCV  
  82  6:30  Barracks  
  85  6:34  Barracks  
  85  6:39  Viking  
  87  6:42  SCV x2  
  89  6:58  SCV  
  89  7:00  Siege Tank  
  90  7:01  Viking  
  90  7:08  SCV  
  93  7:09  Viking  
  93  7:10  SCV  
  96  7:21  SCV  
  86  7:24  Barracks Reactor  
  86  7:25  Barracks Reactor  
  86  7:26  Engineering Bay  
  86  7:28  Engineering Bay  
  82  7:32  Siege Tank  
  82  7:34  SCV  
  82  7:36  Viking  
  87  7:39  Viking  
  87  7:40  Orbital Command  
  87  7:42  SCV  
  90  7:49  SCV  
  88  7:54  SCV, Combat Shield  
  88  7:56  Terran Infantry Armor Level 1, Terran Infantry Weapons Level 1  
  89  8:02  SCV  
  89  8:03  Barracks  
  89  8:04  Barracks  
  90  8:06  SCV x2  
  90  8:08  Marine x4  
  90  8:10  Marine  
  97  8:15  SCV  
  97  8:17  Supply Depot  
  97  8:18  SCV  
  97  8:19  Supply Depot  
  99  8:20  Supply Depot  
  99  8:21  SCV  
  99  8:23  Refinery  
  99  8:24  Refinery  
  100  8:30  SCV, Marine x3  
  100  8:31  Marine  
  100  8:32  Sensor Tower, Marine  
  106  8:37  Siege Tank  
  106  8:40  SCV x2  
  111  8:44  SCV, Supply Depot  
  111  8:48  Marine x4  
  113  8:50  Factory  
  113  8:52  SCV  
  113  8:54  Supply Depot  
  118  8:56  Barracks Reactor  
  118  8:58  Marine  
  119  9:04  Medivac  
  119  9:05  Medivac  
  119  9:07  Marine x4  
  119  9:09  Siege Tank  
  129  9:10  Barracks Reactor  
  129  9:14  SCV x2  
  132  9:17  Supply Depot x2  
  132  9:18  Armory  
  131  9:25  Marine x4  
  131  9:26  SCV  
  135  9:32  Barracks Reactor  
  135  9:35  Marine x2  
  135  9:38  Viking x2, Command Center  
  135  9:43  Marine x3  
  135  9:44  Siege Tank  
  145  9:50  Marine  
  145  9:52  Marine x2  
  143  9:55  Marine x2  
  148  10:00  SCV x2, Marine  
  148  10:01  SCV, Marine x2  
  152  10:07  Terran Infantry Weapons Level 2, Terran Infantry Armor Level 2  
  152  10:08  Marine, Terran Vehicle Weapons Level 1  
  152  10:10  Marine x2  
  152  10:11  Marine  
  152  10:13  Marine  
  155  10:14  Marine  
  155  10:16  Marine  
  155  10:17  Siege Tank  
  155  10:18  Marine  
  155  10:21  Marine  
  161  10:27  Medivac x2  
  165  10:28  Marine x2  
  165  10:29  Marine  
  165  10:33  Marine x2  
  165  10:34  Marine x2  
  168  10:36  Siege Tank  
  170  10:44  Marine x3  
  170  10:49  Marine  
  174  10:52  Marine  
  174  10:55  Planetary Fortress  
  175  11:01  Marine  
  169  11:07  Marine  
  169  11:08  Marine x2, Siege Tank  
  169  11:09  Marine  
  169  11:11  Supply Depot, Starport  
  169  11:12  Supply Depot  
  169  11:13  Marine  
  169  11:14  Starport  
  169  11:15  Refinery  
  169  11:16  Refinery  
  169  11:17  Marine x2  
  172  11:18  Missile Turret  
  172  11:19  Missile Turret  
  172  11:20  Viking x2  
  172  11:23  Marine  
  172  11:24  Marine  
  172  11:25  Siege Tank  
  177  11:26  Marine x2  
  177  11:29  Marine x2  
  177  11:30  Marine  
  177  11:31  Marine  
  183  11:35  Marine x2  
  185  11:40  Supply Depot  
  185  11:41  Marine  
  185  11:42  Marine  
  185  11:43  Sensor Tower  
  185  11:44  Marine x2  
  187  11:47  Marine  
  187  11:49  Viking  
  187  11:50  Viking  
  190  11:57  Viking  
  190  11:58  Siege Tank  
  195  12:05  Marine  
  195  12:06  Marine  
  197  12:11  Marine  
  197  12:14  Marine  
  199  12:16  Marine  
  199  12:20  Marine  
  193  12:25  Marine  
  193  12:26  Marine x2  
  193  12:29  Starport Tech Lab x2  
  196  12:30  Terran Infantry Weapons Level 3, Terran Vehicle Weapons Level 2, Terran Infantry Armor Level 3  
  196  12:32  Marine  
  196  12:36  Marine x2  
  199  12:45  Command Center  
  172  13:01  Corvid Reactor, Liberator x4  
  172  13:03  Siege Tank  
  172  13:04  Marine  
  172  13:05  Marine  
  189  13:10  Command Center  
  184  13:18  Marine x2  
  186  13:24  Command Center  
  186  13:32  Marine x4  
  190  13:44  Marine x2, Viking x2  
  194  13:57  Siege Tank  
  194  13:58  Marine x3  
  194  13:59  Marine x2  
  200  14:08  Marine x2  
  200  14:09  Marine  
  200  14:12  Viking  
  190  14:19  Marine  
  190  14:21  Marine  
  190  14:22  Marine x2  
  192  14:25  Viking  
  192  14:26  Marine, Viking  
  195  14:31  Marine x2  
  195  14:37  SCV x2  
Tags
 
Add a new tag
Caveats
  • Supply blocks, unpowered buildings, or Contaminate may cause inaccurate times.
  • Supply counts are checked every 10 seconds.